AoeStats
← oneal321

Pilgrims

510109777Analyzed
4v4 RM · 1d ago on Sep 29, 2026· 56m 8s· 8 players
Game mode
Random Map
Map size
Large (8 player)
Population
200
Speed
Normal
Resources
Standard
Victory
Conquest
Starting age
Dark Age
Ending age
Imperial Age
RankedLock teamsTeams togetherTeam positionsShared explorationLock speedFull tech treeHidden civsTurbo modeCheats
Victory
Defeat
🇦🇹 Spanish · Austria
643
+20
🇺🇸 Persians · United States
642
+20
🇺🇸 Sicilians · United States
639
+20
🇫🇷 Koreans · France
628
+21
🇹🇼 Saracens · Taiwan
775
-22
🇪🇸 Turks · Spain
735
-20
🇪🇸 Byzantines · Spain
730
-20
🇨🇳 Britons · China
710
-19
-300
12:54 Feudal Age
17:21 Double-Bit Axe
20:07 Castle Age
18:16 Stone Mining
19:35 Gold Mining
21:30 Gold Shaft Mining
22:43 Fletching
23:46 Bodkin Arrow
24:20 Crossbowman
25:53 Bow Saw
28:57 Forging
34:49 Imperial Age
34:57 Imperial Age
34:29 Ballistics
39:41 Pikeman
42:53 Bracer
43:28 Iron Casting
42:56 Scale Mail Armor
42:57 Padded Archer Armor
45:09 Chemistry
43:50 Elite Longbowman
47:11 Blast Furnace
46:27 Chain Mail Armor
46:27 Leather Archer Armor
47:11 Yeomen
ALVICEN
26:08 Loom
36:10 Feudal Age
38:00 Wheelbarrow
36:51 Man-at-Arms
39:59 Fishing Lines
ten7728
9:30 Loom
22:22 Feudal Age
30:36 Castle Age
28:22 Double-Bit Axe
zuri_gos
6:42 Loom
10:41 Feudal Age
11:10 Double-Bit Axe
12:42 Wheelbarrow
12:15 Fishing Lines
24:12 Castle Age
25:50 Medium Warships
25:32 Gillnets
26:32 Hand Cart
28:51 Scale Barding Armor
28:56 Forging
34:29 Imperial Age
32:11 Gold Mining
34:19 Gambesons
34:35 Squires
36:28 Heavy Warships
36:00 Pikeman
37:02 Husbandry
37:37 Elite Varangian Guard
41:29 Onager
42:19 Cavalier
50:30 Gold Shaft Mining
oneal321
3:59 Loom
14:49 Feudal Age
18:26 Fletching
19:33 Double-Bit Axe
24:40 Castle Age
24:17 Scale Mail Armor
25:55 Medium Warships
26:57 Forging
26:43 Bodkin Arrow
30:08 Bow Saw
29:42 Horse Collar
29:52 Elite Skirmisher
31:55 Pikeman
33:18 Iron Casting
33:00 Chain Mail Armor
34:54 Husbandry
35:05 Bloodlines
39:39 Heavy Plow
40:19 Ballistics
40:08 Siphons
40:01 Murder Holes
40:17 Masonry
39:54 Crossbowman
41:01 Squires
40:48 Gambesons
40:50 Arson
41:15 Light Cavalry
42:05 Scale Barding Armor
42:03 Padded Archer Armor
44:29 First Crusade
46:37 Wheelbarrow
45:55 Town Watch
48:01 Careening
53:32 Town Patrol
53:54 Hand Cart
57:25 Imperial Age
Splujer
5:38 Loom
15:58 Feudal Age
17:33 Double-Bit Axe
17:36 Fishing Lines
20:17 Wheelbarrow
19:28 Town Watch
21:32 Horse Collar
24:01 Castle Age
22:29 Forging
22:25 Scale Barding Armor
23:53 Fletching
25:32 Gillnets
26:26 Bow Saw
29:23 Imperial Age
28:26 Gold Mining
29:29 Fervor
29:56 Medium Warships
29:49 Bodkin Arrow
30:28 Hand Cart
29:59 Town Watch
30:42 Clinker Construction
30:43 Careening
31:11 Sanctity
31:35 Caravan
33:03 Ballistics
33:50 Shipwright
34:56 Heavy Warships
35:02 Bracer
40:19 Chemistry
39:42 Carvel Hull
39:43 Dry Dock
39:17 Heated Shot
40:36 Elite Turtle Ship
40:38 Elite Cannon Galleon
46:21 Masonry
46:17 Siege Engineers
46:18 Siphons
46:51 Coinage
46:32 Guilds
47:35 Architecture
49:12 Conscription
49:16 Shinkichon
49:08 Heavy Plow
50:12 Two-Man Saw
53:52 Block Printing
53:39 Devotion
Looting
7:49 Loom
11:33 Feudal Age
13:44 Double-Bit Axe
14:28 Fishing Lines
19:24 Castle Age
17:35 Fletching
17:56 Stone Mining
18:50 Gold Mining
23:18 Kamandaran
29:30 Gold Shaft Mining
31:55 Imperial Age
29:13 Crossbowman
32:48 Conscription
32:44 Capped Ram
33:45 Bow Saw
34:55 Padded Archer Armor
35:44 Siege Ram
37:31 Thumb Ring
38:23 Bodkin Arrow
39:00 Ballistics
41:24 Chemistry
42:41 Scale Barding Armor
43:29 Forging
43:29 Elite Skirmisher
44:27 Citadels
46:29 Leather Archer Armor
48:07 Ring Archer Armor
49:06 Chain Barding Armor
48:11 Elite War Elephant
54:52 Onager
Swimling
11:00 Feudal Age
12:42 Double-Bit Axe
16:53 Castle Age
25:29 Loom
39:03 Imperial Age
39:14 Imperial Age
40:11 Elite Conquistador
47:04 Cavalier
49:09 Conscription
Connection lost

Rejoining the realm…

Still unreachable

The connection could not be restored.

Session expired

The server has moved on; the page needs a fresh start.